 Dungeon Crawl Stone Soup version 0.20.1-1-g8b1a95d (webtiles) character file.

188973 Ijustatesigmund the Severer (level 18, -17/171 HPs)
             Began as a Hill Orc Fighter on Sept 18, 2017.
             Was the Champion of Cheibriados.
             Killed from afar by a deep elf annihilator (49 damage)
             ... with a crystal spear
             ... on level 3 of the Elven Halls on Sept 20, 2017.
             The game lasted 01:46:03 (27970 turns).

Ijustatesigmund the Severer (Hill Orc Fighter)     Turns: 27970, Time: 01:46:04

Health: -17/171    AC: 25    Str: 31    XL:     18   Next: 56%
Magic:  19/31      EV: 18    Int: 23    God:    Cheibriados [******]
Gold:   1498       SH:  0    Dex: 35    Spells: 16/17 levels left

rFire    + . .     SeeInvis +   g - +8 executioner's axe (vamp)
rCold    . . .     Gourm    .   (shield currently unavailable)
rNeg     + . .     Faith    .   X - +1 chain mail of the King of the Hill {rN+ Dex+4}
rPois    .         Spirit   .   n - +2 hat
rElec    .         Reflect  .   F - +2 cloak of Zatut {MR+ Str-5 SInv}
rCorr    .         Harm     .   i - +1 pair of gloves of Ygiesir {+Blink rF+ Int-2}
MR       +++..                  l - +1 pair of boots
Stlth    ..........             w - amulet of regeneration
Regen    0.8/turn               L - ring of protection from magic
MPRegen  0.3/turn               R - +2 ring of protection

@: lethally poisoned (-17 -> -18), about to teleport, very slightly
contaminated, drained, invisible, very slow
A: horns 1, clever 1, wild magic 1
a: Bend Time, Temporal Distortion, Slouch, Step From Time, Renounce Religion,
Evoke Blink


You were on level 3 of the Elven Halls.
You worshipped Cheibriados.
Cheibriados was exalted by your worship.
You were not hungry.

You visited 7 branches of the dungeon, and saw 29 of its levels.
You also visited: Volcano.

You collected 2910 gold pieces.
You spent 1412 gold pieces at shops.

Inventory:

Hand Weapons
 g - a +8 vampiric executioner's axe (weapon)
 p - a +2 eveningstar of flaming
 q - a +6 war axe of freezing
 O - a +2 broad axe of freezing
Missiles
 s - 7 poisoned tomahawks (quivered)
 H - 14 javelins
Armour
 i - the +1 pair of gloves of Ygiesir (worn) {+Blink rF+ Int-2}
   (You bought it in a shop on level 9 of the Dungeon)

   It affects your intelligence (-2).
   It protects you from fire.
   It lets you blink.
 l - a +1 pair of boots (worn)
 n - a +2 hat (worn)
 F - the +2 cloak of Zatut (worn) {MR+ Str-5 SInv}
   (You acquired it on level 8 of the Dungeon)

   It affects your strength (-5).
   It affects your resistance to hostile enchantments.
   It lets you see invisible.
 I - the +0 pair of gloves "Hegrutso" {rN+ Dex+6}
   (You bought it in a shop on level 9 of the Dungeon)

   It affects your dexterity (+6).
   It protects you from negative energy.
 T - a +0 troll leather armour
 W - a +2 shield of protection
 X - the +1 chain mail of the King of the Hill (worn) {rN+ Dex+4}
   (You bought it in a shop on level 1 of the Elven Halls)

   It affects your dexterity (+4).
   It protects you from negative energy.
Jewellery
 a - an uncursed ring of positive energy
 d - a +2 ring of evasion
 u - the ring "Xuater" {rCorr rN+}
   (You found it on level 3 of the Elven Halls)

   [ring of resist corrosion]

   It protects you from negative energy.
 w - an amulet of regeneration (around neck)
 y - an uncursed ring of wizardry
 A - an uncursed ring of ice
 L - a ring of protection from magic (left hand)
 R - a +2 ring of protection (right hand)
 Z - an uncursed ring of protection from fire
Wands
 c - a wand of digging (16/24)
 j - a wand of disintegration (8/24)
 r - a wand of acid (8/15)
 x - a wand of confusion (9/48)
 D - a wand of iceblast (1/15)
 G - a wand of scattershot (7/9)
 K - a wand of acid (10/15)
 V - a wand of lightning (5/15)
Scrolls
 b - 3 scrolls of identify
 e - 2 scrolls of fear
 h - 6 scrolls of remove curse
 o - 4 scrolls of immolation
 B - 5 scrolls of teleportation
 C - 3 scrolls of fog
 E - 2 scrolls of holy word
 U - 2 scrolls of amnesia
Potions
 t - 5 potions of brilliance
 z - a potion of invisibility
 M - 8 potions of might
 N - 2 potions of ambrosia
 P - 3 potions of agility
 Q - 2 potions of resistance
 S - 7 potions of curing
 Y - a potion of flight
Books
 k - a book of Maledictions

   Spells                             Type                      Level
   a - Corona                         Hexes                        1
   b - Ensorcelled Hibernation        Hexes/Ice                    2
   c - Confuse                        Hexes                        3
   d - Tukima's Dance                 Hexes                        3
   e - Dazzling Spray                 Conjuration/Hexes            3
Comestibles
 f - 17 bread rations
 m - 27 royal jellies
 v - 17 meat rations


   Skills:
 + Level 17.8(17.5) Fighting
 + Level 19.1(18.8) Axes
 - Level 7.2(6.9) Throwing
 - Level 11.3(11.0) Armour
 + Level 8.4(8.1) Dodging
 - Level 10.4(10.1) Shields
 - Level 6.5(6.3) Translocations
 + Level 18.2(17.8) Invocations
 - Level 4.2(3.9) Evocations


You had 16 spell levels left.
You knew the following spells:

 Your Spells              Type           Power        Failure   Level  Hunger
a - Apportation           Tloc           #####.       7%          1    ##.....


Dungeon Overview and Level Annotations

Branches:
Dungeon (15/15)            Temple (1/1) D:5            Lair (6/6) D:11
 Shoals (1/4) Lair:3       Spider (1/4) Lair:4        Slime (0/5) Lair:5
    Orc (2/2) D:11            Elf (3/3) Orc:2        Vaults (0/5) D:13
 Depths (0/5) D:15

Altars:
Ashenzari
Cheibriados
Dithmenos
Elyvilon
Fedhas
Gozag
Hepliaklqana
Kikubaaqudgha
Makhleb
Nemelex Xobeh
Okawaru
Qazlal
Ru
Sif Muna
Trog
Uskayaw
Vehumet
Xom
Yredelemnul
Zin
The Shining One
Beogh
Jiyva
Lugonu

Shops:
D:4 [   D:9 [   Orc:1 *   Orc:2 (*:(   Elf:1 [   Elf:3 %   Shoals:1 }

Annotations:
Shoals:1 Donald


Innate Abilities, Weirdness & Mutations

You have a pair of small horns on your head.
Your mind is acute. (Int +2)
Your spells are a little harder to cast, but a little more powerful.


Message History

The deep elf annihilator is empowered by the deep elf high priest's aura!
The deep elf sorcerer is empowered by the deep elf high priest's aura!
As you read the scroll of teleportation, it crumbles to dust.
You feel strangely unstable.
The deep elf blademaster shouts!
The deep elf annihilator hits you but does no damage.
The deep elf sorcerer misses you.
The deep elf blademaster hits you but does no damage.
The deep elf blademaster hits you with a rapier.
* * * LOW HITPOINT WARNING * * *
As you read the scroll of fear, it crumbles to dust.
You assume a fearsome visage.
The deep elf sorcerer easily resists.
The deep elf sorcerer resists with almost no effort.
The deep elf high priest easily resists.
The deep elf annihilator resists with almost no effort.
The deep elf sorcerer resists with almost no effort.
The deep elf blademaster resists with almost no effort.
The deep elf annihilator casts a spell at you.
The crystal spear hits you!
You die...

.....#eeE.(.# #.
##..........#####.##
#. ##........... #.#
#. ............# #.#
#. ............# #.#
#. .....⌠.....# .(#
## ...........# ###
.......ee.#
...e.ee@.#
......e.## .......##
.....## ...## ##


You could see a deep elf blademaster, a deep elf annihilator, 3 deep elf
sorcerers and a deep elf high priest.

Vanquished Creatures
  Jorgrun (Elf:2)
  A deep elf master archer (Elf:3)
  Gastronok (Lair:3)
  Frances (Shoals:1)
  Kirke (D:13)
  An orc warlord (Orc:1)
  5 deep elf sorcerers (Elf:3)
  2 deep elf elementalists
  A stone giant (Orc:1)
  Nessos (D:13)
  7 slime creatures
  2 deep elf demonologists (Elf:3)
  A deep elf annihilator (Elf:3)
  Azrael (D:13)
  An ettin (Orc:2)
  A red draconian (Volcano)
  Josephine (Lair:5)
  2 deep elf death magi
  2 deep elf high priests (Elf:3)
  Erolcha (D:12)
  Harold (Lair:4)
  4 hydras
  2 catoblepae (Lair:6)
  5 centaur warriors
  A deep troll shaman (Lair:6)
  6 death yaks (Lair:6)
  7 two-headed ogres
  3 tengu warriors (D:15)
  Urug (Lair:2)
  23 dancing weapons
  2 orc high priests
  8 deep elf knights
  Sonja (D:13)
  Nergalle (Lair:4)
  A shock serpent (shapeshifter) (D:15)
  2 hell knights (D:13)
  A glowing orange brain (D:15)
  3 unseen horrors
  2 wizards (Elf:3)
  A lindwurm (Lair:5)
  8 deep elf archers
  An orb spider (Spider:1)
  9 orc sorcerers
  14 ugly things
  7 orc knights
  5 wolf spiders
  10 cyclopes
  62 deep elf magi
  4 manticores
  A merfolk siren (Shoals:1)
  12 elephants
  3 molten gargoyles
  A black mamba (shapeshifter) (D:15)
  2 water nymphs (Shoals:1)
  A spiny frog (shapeshifter) (Elf:3)
  8 black mambas
  2 torpor snails
  16 spiny frogs
  A rime drake (Lair:5)
  3 komodo dragons
  9 yaktaurs
  3 efreet
  2 demonic crawlers (Spider:1)
  A tengu conjurer (D:15)
  3 meliai (D:14)
  A queen bee (D:14)
  A jumping spider (shapeshifter) (D:15)
  A merfolk (Shoals:1)
  4 hornets
  6 polar bears
  9 jumping spiders
  8 trolls
  Grinder (D:6)
  A wind drake (Shoals:1)
  A hippogriff (shapeshifter) (D:15)
  9 dream sheep (Lair:4)
  8 hippogriffs
  2 snapping turtles (Shoals:1)
  19 blink frogs
  3 wyverns
  4 shadows
  6 wraiths
  3 water elementals
  8 tarantellas
  2 fire elementals (D:13)
  A human (shapeshifter) (D:15)
  14 redbacks
  3 hungry ghosts
  2 basilisks
  A basilisk (shapeshifter) (Elf:1)
  6 fire bats (Volcano)
  5 hogs (D:13)
  14 humans
  50 yaks
  The ghost of Chisa the Skirmisher, an amateur DsFi (D:4)
  9 vampire mosquitoes
  Grum (D:10)
  A harpy simulacrum (D:15)
  3 soldier ants
  7 wargs
  13 hell hounds
  12 water moccasins
  11 porcupines
  4 ice beasts
  32 orc warriors
  2 phantoms
  4 sky beasts
  4 black bears
  A necrophage (D:8)
  20 wolves
  6 boggarts
  10 ogres
  22 centaurs
  An eye of draining (D:12)
  10 crocodiles
  9 bullfrogs
  Blork the orc (D:6)
  3 earth elementals
  5 scorpions
  26 killer bees
  A howler monkey (D:11)
  5 lava snakes (Volcano)
  4 electric eels
  3 jellies
  7 crimson imps
  4 centaur zombies
  A quasit (D:15)
  A bullfrog skeleton (D:10)
  8 hounds
  29 orc priests
  46 orc wizards
  6 centaur skeletons
  A gnoll shaman (D:7)
  Jessica (Elf:1)
  An iguana (D:13)
  2 hell rats (Lair:3)
  9 worker ants
  A killer bee zombie (D:8)
  A hound zombie (D:7)
  A worker ant zombie (D:6)
  Robin (D:2)
  6 gnolls
  10 river rats (Lair:3)
  16 adders
  A shadow imp (D:5)
  3 adder zombies
  An adder skeleton (D:6)
  4 worms
  A dart slug (D:2)
  4 leopard geckos
  106 orcs
  10 giant cockroaches
  14 goblins
  11 hobgoblins
  6 jackals
  4 kobolds
  4 quokkas
  A ball python zombie (D:6)
  5 bats
  5 frilled lizards
  A jackal skeleton (D:4)
  9 rats
  4 fungi
  3 plants
1070 creatures vanquished.

Vanquished Creatures (others)
  A deep elf knight (Elf:2)
  A deep elf archer (Elf:2)
  3 humans (D:13)
  3 orc wizards (Orc:2)
  A jelly (D:13)
  A worker ant (D:13)
  An orc (Orc:2)
  10 fungi
  7 plants
28 creatures vanquished.

Grand Total: 1098 creatures vanquished

Notes
Turn   | Place    | Note
-------+----------+-------------------------------------------
     0 | D:1      | Ijustatesigmund the Hill Orc Fighter began the quest for the Orb.
     0 | D:1      | Reached XP level 1. HP: 19/19 MP: 1/1
    41 | D:1      | Reached skill level 3 in Axes
   101 | D:1      | Reached XP level 2. HP: 27/27 MP: 2/2
   238 | D:1      | Found a glowing golden altar of the Shining One.
   525 | D:2      | Reached skill level 4 in Axes
   527 | D:2      | Reached XP level 3. HP: 33/33 MP: 3/3
   707 | D:2      | Found a faded altar of an unknown god.
   839 | D:2      | Noticed Robin
   856 | D:2      | Reached XP level 4. HP: 32/41 MP: 4/4
   995 | D:2      | Reached skill level 5 in Axes
  1005 | D:2      | Killed Robin
  1620 | D:3      | Reached XP level 5. HP: 41/47 MP: 5/5
  1698 | D:3      | Reached skill level 1 in Dodging
  1983 | D:3      | Noticed a phantom
  2032 | D:3      | Killed a phantom
  2032 | D:3      | Reached XP level 6. HP: 16/53 MP: 6/6
  2642 | D:4      | Found a white marble altar of Elyvilon.
  2816 | D:4      | Found a blossoming altar of Fedhas.
  2825 | D:4      | Found a hide-covered altar of Uskayaw.
  2833 | D:4      | Noticed Chisa's ghost (amateur DsFi)
  2850 | D:4      | Killed Chisa's ghost
  2850 | D:4      | Reached skill level 5 in Armour
  2850 | D:4      | Reached XP level 7. HP: 11/60 MP: 7/7
  3234 | D:4      | Reached skill level 5 in Shields
  3544 | D:4      | Found a shimmering altar of Xom.
  3575 | D:4      | Found Weniosos's Antique Armour Boutique.
  3754 | D:5      | Entered Level 5 of the Dungeon
  3802 | D:5      | Found a hazy altar of Hepliaklqana.
  4388 | D:5      | Reached XP level 8. HP: 66/67 MP: 8/8
  4474 | D:5      | Found a staircase to the Ecumenical Temple.
  4681 | D:5      | Found an iron altar of Okawaru.
  4909 | Temple   | Entered the Ecumenical Temple
  5057 | D:6      | Reached skill level 5 in Fighting
  5149 | D:6      | Gained mutation: You are robust. (+10% HP) [potion of mutation]
  5149 | D:6      | Gained mutation: You have a pair of small antennae on your head. [potion of mutation]
  5332 | D:6      | Noticed Grinder
  5334 | D:6      | Paralysed by Grinder for 4 turns
  5342 | D:6      | Reached skill level 6 in Axes
  5509 | D:7      | Reached skill level 7 in Axes
  5589 | D:7      | Noticed a hippogriff
  5599 | D:7      | Killed a hippogriff
  5599 | D:7      | Reached skill level 8 in Axes
  5599 | D:7      | Reached XP level 9. HP: 54/86 MP: 9/9
  5872 | D:7      | You fall through a shaft for 3 floors!
  5872 | D:10     | Entered Level 10 of the Dungeon
  6056 | D:10     | Reached skill level 9 in Axes
  6063 | D:10     | Killed an unseen horror
  6327 | D:10     | Reached skill level 10 in Axes
  6419 | D:9      | Found Waohu's Antique Armour Emporium.
  6432 | D:9      | Bought a pair of scorched gloves for 228 gold pieces
  6442 | D:9      | Identified the +1 pair of gloves of Ygiesir {+Blink rF+ Int-2} (You bought it in a shop on level 9 of the Dungeon)
  6901 | D:7      | Found a radiant altar of Vehumet.
  6903 | D:7      | Reached XP level 10. HP: 97/102 MP: 10/10
  6911 | D:7      | Found an ancient bone altar of Kikubaaqudgha.
  6918 | D:7      | Identified Kikubaaqudgha's Compendium of Unholy Rites
  6925 | D:7      | Found a deep blue altar of Sif Muna.
  7154 | D:6      | Identified a scroll of acquirement
  7165 | D:6      | Noticed Blork the orc
  7173 | D:6      | Killed Blork the orc
  7173 | D:6      | Reached skill level 10 in Fighting
  7336 | D:6      | Found a glowing golden altar of the Shining One.
  7391 | D:6      | Paralysed by Grinder for 2 turns
  7396 | D:6      | Paralysed by Grinder for 6 turns
  7404 | D:6      | Killed Grinder
  7838 | D:8      | Found a snail-covered altar of Cheibriados.
  7851 | D:8      | Became a worshipper of Cheibriados the Contemplative
  7883 | D:8      | Got a spiked cloak
  7894 | D:8      | Identified the +2 cloak of Zatut {MR+ Str-5 SInv} (You acquired it on level 8 of the Dungeon)
  7907 | D:8      | Reached skill level 1 in Invocations
  8179 | D:9      | Bought a pair of distressingly furry gloves for 228 gold pieces
  8191 | D:9      | Identified the +0 pair of gloves "Hegrutso" {rN+ Dex+6} (You bought it in a shop on level 9 of the Dungeon)
  8225 | D:9      | Found a bloodstained altar of Trog.
  8370 | D:9      | Noticed a two-headed ogre
  8379 | D:9      | Killed a two-headed ogre
  8379 | D:9      | Reached skill level 5 in Invocations
  8703 | D:9      | Reached * piety under Cheibriados
  8858 | D:10     | Noticed an unseen horror
  8863 | D:10     | Noticed Grum
  8878 | D:10     | Killed Grum
  8884 | D:10     | Killed an unseen horror
  8884 | D:10     | Reached skill level 11 in Axes
  9033 | D:10     | Reached XP level 11. HP: 84/110 MP: 16/16
  9260 | D:10     | Reached ** piety under Cheibriados
  9396 | D:10     | Paralysed by a hornet for 3 turns
  9404 | D:10     | Paralysed by a hornet for 3 turns
  9754 | D:11     | Noticed a cyclops
  9768 | D:11     | Killed a cyclops
 10150 | D:11     | Noticed a manticore
 10157 | D:11     | Killed a manticore
 10157 | D:11     | Reached skill level 12 in Axes
 10340 | D:11     | Noticed a white ugly thing
 10351 | D:11     | Killed a white ugly thing
 10526 | D:11     | Found a staircase to the Orcish Mines.
 10535 | D:11     | Found a roughly hewn altar of Beogh.
 10543 | D:11     | Reached *** piety under Cheibriados
 10806 | D:11     | Reached **** piety under Cheibriados
 10827 | D:11     | Found a staircase to the Lair.
 10998 | Lair:1   | Entered Level 1 of the Lair of Beasts
 11006 | Lair:1   | Reached skill level 10 in Invocations
 11117 | Lair:1   | Reached XP level 12. HP: 111/123 MP: 19/19
 11121 | Lair:1   | Found a dark tunnel.
 11127 | Volcano  | Entered a volcano
 11177 | Volcano  | Reached skill level 13 in Axes
 11218 | Volcano  | Found a bloodstained altar of Trog.
 11218 | Volcano  | Noticed a centaur warrior
 11225 | Volcano  | Killed a centaur warrior
 11225 | Volcano  | Reached ***** piety under Cheibriados
 11237 | Volcano  | Noticed a red draconian
 11252 | Volcano  | Killed a red draconian
 12776 | D:12     | Noticed a two-headed ogre
 12789 | D:12     | Noticed Erolcha
 12796 | D:12     | Killed Erolcha
 12796 | D:12     | Reached skill level 14 in Axes
 12829 | D:12     | Killed a two-headed ogre
 12912 | D:13     | Noticed Azrael
 12918 | D:13     | Reached XP level 13. HP: 134/134 MP: 21/21
 12936 | D:13     | Killed Azrael
 13075 | D:13     | Noticed Kirke
 13090 | D:13     | Killed Kirke
 13111 | D:13     | Noticed Sonja
 13116 | D:13     | Killed Sonja
 13248 | D:13     | Noticed Nessos
 13269 | D:13     | Killed Nessos
 13579 | D:13     | Found a gate to the Vaults.
 13715 | D:13     | Reached skill level 5 in Dodging
 13719 | D:13     | HP: 3/135 [hell knight/enchanted glaive (15)]
 14571 | D:14     | Reached skill level 15 in Axes
 14635 | D:14     | Reached XP level 14. HP: 134/145 MP: 22/24
 14635 | D:14     | Reached ****** piety under Cheibriados
 15697 | D:15     | Entered Level 15 of the Dungeon
 15906 | D:15     | Reached skill level 16 in Axes
 16068 | D:15     | Reached skill level 15 in Fighting
 16477 | D:15     | Reached skill level 15 in Invocations
 16708 | D:15     | Reached XP level 15. HP: 155/155 MP: 26/26
 16788 | D:15     | Found a staircase to the Depths.
 17369 | Lair:2   | Noticed Urug
 17381 | Lair:2   | Killed Urug
 17832 | Lair:2   | Reached skill level 17 in Axes
 18007 | Lair:3   | Noticed Gastronok
 18026 | Lair:3   | Killed Gastronok
 18116 | Lair:3   | Found a staircase to the Shoals.
 18920 | Lair:4   | Found a hole to the Spider Nest.
 19130 | Lair:4   | Noticed Nergalle
 19134 | Lair:4   | Killed Nergalle
 19158 | Lair:4   | Noticed Harold
 19172 | Lair:4   | Killed Harold
 19637 | Lair:5   | Found a viscous altar of Jiyva.
 19637 | Lair:5   | Found a staircase to the Slime Pits.
 19874 | Lair:5   | Noticed Josephine
 19884 | Lair:5   | Killed Josephine
 20090 | Lair:5   | Found a stormy altar of Qazlal.
 20164 | Lair:5   | Found a snail-covered altar of Cheibriados.
 20373 | Lair:6   | Entered Level 6 of the Lair of Beasts
 20381 | Lair:6   | Reached skill level 18 in Axes
 20681 | Lair:6   | Reached XP level 16. HP: 169/169 MP: 28/28
 21135 | Lair:6   | Reached skill level 10 in Armour
 21707 | Orc:1    | Entered Level 1 of the Orcish Mines
 22110 | Orc:1    | Found Ysanuen's General Store.
 22322 | Orc:2    | Entered Level 2 of the Orcish Mines
 22484 | Orc:2    | Paralysed by an orc sorcerer for 2 turns
 22498 | Orc:1    | Reached skill level 10 in Shields
 22601 | Orc:2    | Found a roughly hewn altar of Beogh.
 22640 | Orc:2    | Gained mutation: Scrolls take you a little longer to read. [a neqoxec]
 22699 | Orc:2    | Paralysed by an orc sorcerer for 3 turns
 22845 | Orc:2    | Found Qolobar's Weapon Shop.
 22845 | Orc:2    | Found Ziff's Assorted Antiques.
 22849 | Orc:2    | Found Offiwod's Antique Weapon Boutique.
 22875 | Orc:2    | Found Bemy's Book Boutique.
 22984 | Orc:2    | Found a staircase to the Elven Halls.
 23185 | Orc:1    | Bought a scroll of acquirement for 624 gold pieces
 23189 | Orc:1    | Got a shimmering trident
 23190 | Orc:1    | Identified the +5 trident "Putraef" {flame, rF+ Dex+2} (You acquired it on level 1 of the Orcish Mines)
 23235 | Lair:1   | Learned a level 1 spell: Apportation
 23314 | Shoals:1 | Entered Level 1 of the Shoals
 23319 | Shoals:1 | Found Unulag's Gadget Emporium.
 23353 | Shoals:1 | Noticed Donald
 23361 | Shoals:1 | Reached skill level 1 in Translocations
 23461 | Shoals:1 | Reached skill level 1 in Throwing
 23502 | Shoals:1 | Noticed Frances
 23520 | Shoals:1 | Killed Frances
 23725 | Lair:1   | Lost mutation: You are robust. (+10% HP) [potion of mutation]
 23725 | Lair:1   | Lost mutation: Scrolls take you a little longer to read. [potion of mutation]
 23725 | Lair:1   | Lost mutation: You have a pair of small antennae on your head. [potion of mutation]
 23725 | Lair:1   | Gained mutation: You have sharp toenails. [potion of mutation]
 23725 | Lair:1   | Gained mutation: You have a pair of small horns on your head. [potion of mutation]
 23725 | Lair:1   | Gained mutation: You occasionally shout uncontrollably at your foes. [potion of mutation]
 23725 | Lair:1   | Gained mutation: You possess an exceptional clarity of mind. [potion of mutation]
 23726 | Lair:1   | Lost mutation: You possess an exceptional clarity of mind. [potion of mutation]
 23726 | Lair:1   | Lost mutation: You have sharp toenails. [potion of mutation]
 23726 | Lair:1   | Lost mutation: You occasionally shout uncontrollably at your foes. [potion of mutation]
 23726 | Lair:1   | Gained mutation: Your spells are a little harder to cast, but a little more powerful. [potion of mutation]
 23726 | Lair:1   | Gained mutation: Your mind is acute. (Int +2) [potion of mutation]
 23904 | Spider:1 | Entered Level 1 of the Spider Nest
 23952 | Spider:1 | Reached XP level 17. HP: 148/160 MP: 29/29
 23960 | Spider:1 | Got a pitted ring mail
 23973 | Lair:4   | Identified the +1 ring mail "Zeppuzu" {*Contam Int+5} (You found it on level 1 of the Spider Nest)
 24788 | Elf:1    | Entered Level 1 of the Elven Halls
 24857 | Orc:2    | Reached skill level 5 in Throwing
 25009 | Elf:1    | Reached skill level 5 in Translocations
 25145 | Elf:1    | Found Kapsif's Antique Armour Shoppe.
 25287 | Elf:1    | Bought a brightly glowing chain mail for 332 gold pieces
 25297 | Elf:1    | Identified the +1 chain mail of the King of the Hill {rN+ Dex+4} (You bought it in a shop on level 1 of the Elven Halls)
 25432 | Elf:1    | Noticed Jessica
 25438 | Elf:1    | Found a deep blue altar of Sif Muna.
 25443 | Elf:1    | Killed Jessica
 26367 | Elf:2    | Noticed Jorgrun
 26390 | Elf:2    | Found a runed gate.
 26390 | Elf:2    | Found a runed gate.
 26391 | Elf:2    | Found a runed gate.
 26915 | Elf:2    | Killed Jorgrun
 26915 | Elf:2    | Reached XP level 18. HP: 157/170 MP: 30/30
 27531 | Elf:3    | Entered Level 3 of the Elven Halls
 27633 | Elf:3    | Got a glittering copper ring
 27635 | Elf:3    | Identified the ring "Xuater" {rCorr rN+} (You found it on level 3 of the Elven Halls)
 27683 | Elf:3    | Found Aschosk's Food Boutique.
 27914 | Elf:3    | Noticed a deep elf master archer
 27917 | Elf:3    | Killed a deep elf master archer
 27917 | Elf:3    | Reached skill level 19 in Axes
 27968 | Elf:3    | Noticed a deep elf blademaster
 27970 | Elf:3    | Killed from afar by a deep elf annihilator

Skill      XL: |  1  2  3  4  5  6  7  8  9 10 11 12 13 14 15 16 17 18 |
---------------+-------------------------------------------------------+-----
Axes           | 3 4 5 8 10 11 12 14 15 16 18 19 | 19.1
Fighting       | 4 7 9 10 11 13 14 15 16 17 | 17.8
Dodging        | 1 2 3 5 7 8 |  8.4
Armour         | 4 5 6 7 9 11 | 11.3
Shields        | 4 5 6 7 8 10 | 10.4
Evocations     | 4 |  4.2
Invocations    | 7 10 11 13 15 16 17 18 | 18.2
Translocations | 3 6 |  6.5
Throwing       | 3 7 |  7.2

Action                   |  1- 3 |  4- 6 |  7- 9 | 10-12 | 13-15 | 16-18 || total
-------------------------+-------+-------+-------+-------+-------+-------++-------
Melee: War axe           |    86 |   116 |   337 |   544 |   902 |   958 ||  2943
       Eveningstar       |       |       |       |       |    13 |     5 ||    18
       Headbutt          |       |       |       |       |       |   205 ||   205
       Executioner's axe |       |       |       |       |       |   102 ||   102
Throw: Tomahawk          |       |       |       |       |     5 |     7 ||    12
 Cast: Apportation       |       |       |       |       |       |     1 ||     1
Invok: Slouch            |       |       |       |     1 |     5 |    10 ||    16
       Step From Time    |       |       |       |       |       |     1 ||     1
 Abil: Evoke Blink       |       |       |       |       |       |     2 ||     2
Evoke: Wand              |       |       |     2 |       |     6 |    17 ||    25
  Use: Scroll            |     6 |     3 |     8 |    15 |     5 |    27 ||    64
       Potion            |       |     6 |     9 |     3 |     6 |     6 ||    30
 Stab: Invisible         |       |       |     9 |       |     4 |     1 ||    14
       Sleeping          |       |       |       |     1 |     2 |     1 ||     4
       Distracted        |       |       |       |     1 |     7 |     1 ||     9
  Eat: Chunk             |       |     7 |    11 |    13 |     9 |     1 ||    41
       Royal jelly       |       |     1 |     2 |     1 |       |     1 ||     5
       Fruit             |       |     1 |       |       |     9 |    19 ||    29
       Meat ration       |       |       |       |       |       |     1 ||     1
Armor: Scale mail        |    40 |    45 |   120 |    80 |       |       ||   285
       Skin              |       |    20 |       |       |       |       ||    20
       Chain mail        |       |       |       |    90 |       |   118 ||   208
       Leather armour    |       |       |       |    31 |    57 |       ||    88
       Plate armour      |       |       |       |       |    21 |       ||    21
       Troll leather arm |       |       |       |       |    94 |   149 ||   243
Dodge: Dodged            |    33 |    23 |   196 |   210 |   368 |   529 ||  1359
Block: Shield            |    45 |    48 |   184 |   312 |   629 |   681 ||  1899
